 Dungeon Crawl Stone Soup version 0.25-a0-479-g8579842 (webtiles) character file.

Game seed: 1465800884323912907, levelgen mode: deterministic

698 15 the Ruffian (level 7, -2/67 HPs)
             Began as a Yellow Draconian Transmuter on Feb 9, 2020.
             Slain by a hog (4 damage)
             ... on level 7 of the Dungeon.
             The game lasted 00:21:02 (4896 turns).

15 the Ruffian (Yellow Draconian Transmuter)        Turns: 4896, Time: 00:21:02

Health: -2/67      AC:  6    Str: 19    XL:     7   Next: 38%
Magic:  5/12       EV: 11    Int: 18    God:
Gold:   110        SH:  0    Dex: 12    Spells: 3/13 levels left

rFire    . . .     SeeInvis .     - Unarmed
rCold    + + +     Gourm    .   (shield currently unavailable)
rNeg     . . .     Faith    .   (armour unavailable)
rPois    +         Spirit   .   (helmet currently unavailable)
rElec    +         Reflect  .   (cloak currently unavailable)
rCorr    +         Harm     .   (gloves currently unavailable)
MR       .....                  (boots currently unavailable)
Stlth    +.........             (no amulet)
HPRegen  0.21/turn              (no ring)
MPRegen  0.13/turn              (no ring)

@: mighty, brilliant, ice-form, resistant, very slightly contaminated
A: large, (spit acid), unfitting armour, AC +6
a: End Transformation


You were on level 7 of the Dungeon.
You were not hungry.
You were a creature of crystalline ice.
You visited 2 branches of the dungeon, and saw 8 of its levels.

You collected 110 gold pieces.

Inventory:

Hand Weapons
 l - a +1 flail of holy wrath
Missiles
 a - 96 arrows
Armour
 d - a +0 pair of gloves (melded)
Magical Staves
 i - an uncursed staff of death
Wands
 g - a wand of flame (14)
Scrolls
 e - a scroll of magic mapping
 p - a scroll of identify
Potions
 j - a potion of magic
Comestibles
 c - 8 rations
 o - 5 chunks of flesh


   Skills:
 * Level 2.8 Fighting
 * Level 3.8 Dodging
 - Level 0.5 Stealth
 + Level 4.9 Unarmed Combat
 * Level 3.9 Spellcasting
 * Level 3.6 Transmutations
 * Level 1.6 Evocations


You had 3 spell levels left.
You knew the following spells:

 Your Spells              Type           Power        Failure   Level  Hunger
a - Beastly Appendage     Tmut           ####..       1%          1    None
b - Sticks to Snakes      Tmut           ####....     1%          2    ##.....
c - Spider Form           Tmut/Pois      ###.......   2%          3    ###....
d - Ice Form              Ice/Tmut       ###.....     8%          4    ####...

Your spell library contained the following spells:

 Spells                   Type           Power        Failure   Level  Hunger
 Blade Hands              Tmut           ####......   11%         5    ######.


Dungeon Overview and Level Annotations

Branches:
Dungeon (7/15)             Temple (1/1) D:4

Altars:
Ashenzari
Cheibriados
Dithmenos
Elyvilon
Fedhas
Gozag
Hepliaklqana
Kikubaaqudgha
Makhleb
Nemelex Xobeh
Okawaru
Ru
Sif Muna
Trog
Uskayaw
Vehumet
Wu Jian
Yredelemnul
Zin
The Shining One


Innate Abilities, Weirdness & Mutations

((You can spit globs of acid.))
((Your golden yellow scales are hard. (AC +6)))
You cannot fit into any form of body armour.
((You are cold-blooded and may be slowed by cold attacks.))
((You are resistant to acid. (rCorr)))


Message History

Casting: Ice Form (safe; 8% risk of failure)
Confirm with . or Enter, or press ? or * to list all spells.
You turn into a creature of crystalline ice.
Your +0 pair of gloves melds into your body.
The hog misses you. The hog bites you!
* * * LOW HITPOINT WARNING * * *
The hog bites you.
* * * LOW HITPOINT WARNING * * *
The hog closely misses you. The hog barely misses you.
As you read the scroll of fear, it crumbles to dust.
You assume a fearsome visage.
The hog looks frightened! x2
The human looks frightened!
The hog looks frightened!
The yak looks frightened!
Okay, then.
Okay, then.
Cornered, the hog turns to fight!
Cornered, the hog turns to fight!
You punch the hog! You freeze the hog!
The hog is severely wounded.
Cornered, the yak turns to fight!
The hog bites you.
You die...

#######
#..#%h#
#..#.%#
#..h.p#
#Y.#..#
#.h#.Y#
#####+#


You could see a yak, 3 hogs and a human (fleeing).

Vanquished Creatures
  A sky beast (D:5)
  An ogre (D:6)
  Blork the orc (D:5)
  An orc priest (D:3)
  2 bullfrog skeletons
  A centaur skeleton (D:4)
  2 iguanas
  Ijyb (D:3)
  2 worker ants
  A worker ant zombie (D:5)
  A howler monkey zombie (D:5)
  8 adders
  A shadow imp (D:5)
  An adder zombie (D:5)
  2 worms (D:2)
  3 dart slugs
  2 leopard geckos
  6 orcs
  4 giant cockroaches
  9 goblins
  11 hobgoblins
  3 jackals (D:1)
  3 quokkas
  2 ball pythons (D:3)
  12 bats
  11 frilled lizards
  11 kobolds
  8 rats
111 creatures vanquished.

Notes
Turn   | Place    | Note
-------+----------+-------------------------------------------
     0 | D:1      | 15 the Draconian Transmuter began the quest for the Orb.
     0 | D:1      | Reached XP level 1. HP: 16/16 MP: 3/3
   197 | D:1      | Reached XP level 2. HP: 19/23 MP: 3/5
   657 | D:1      | Learned a level 2 spell: Sticks to Snakes
   716 | D:1      | Reached XP level 3. HP: 26/29 MP: 4/6
   725 | D:1      | Learned a level 3 spell: Spider Form
  1345 | D:2      | Reached XP level 4. HP: 11/36 MP: 7/7
  1493 | D:2      | Noticed a +0 dagger
  1494 | D:2      | Found a hide-covered altar of Uskayaw.
  1494 | D:2      | Noticed a +0 dagger
  1972 | D:3      | Reached skill level 4 in Unarmed Combat
  1972 | D:3      | Reached XP level 5. HP: 25/41 MP: 7/9
  2105 | D:3      | Found a faded altar of an unknown god.
  2108 | D:3      | Noticed Ijyb
  2122 | D:3      | Killed Ijyb
  2681 | D:4      | HP: 2/41 [iguana (3)]
  3074 | D:4      | Reached XP level 6. HP: 14/48 MP: 11/11
  3318 | D:4      | Found a bloodstained altar of Trog.
  3324 | D:4      | Learned a level 4 spell: Ice Form
  3355 | D:4      | Found a staircase to the Ecumenical Temple.
  3373 | Temple   | Entered the Ecumenical Temple
  3608 | D:4      | Found an ornate altar of the Wu Jian Council.
  3720 | D:4      | Found a radiant altar of Vehumet.
  3720 | D:4      | Found a shimmering blue altar of Sif Muna.
  3752 | D:5      | Entered Level 5 of the Dungeon
  3837 | D:5      | Found a blossoming altar of Fedhas.
  3841 | D:5      | Found an ancient bone altar of Kikubaaqudgha.
  4282 | D:5      | You fall into a shaft and drop 2 floors!
  4344 | D:5      | Noticed Blork the orc
  4360 | D:5      | Killed Blork the orc
  4484 | D:5      | Noticed a sky beast
  4492 | D:5      | Killed a sky beast
  4492 | D:5      | Reached skill level 1 in Evocations
  4492 | D:5      | Your scales start taking on a golden yellow colour.
  4492 | D:5      | Reached XP level 7. HP: 54/56 MP: 12/12
  4492 | D:5      | Gained mutation: You are resistant to acid. (rCorr) [Yellow
                  | Draconian growth]
  4880 | D:6      | You fall into a shaft and drop 1 floor!
  4880 | D:7      | Noticed a human
  4880 | D:7      | Noticed a hog
  4880 | D:7      | Noticed a hog
  4880 | D:7      | Noticed a hog
  4880 | D:7      | Noticed a yak
  4891 | D:7      | HP: 1/67 [hog (4)]
  4896 | D:7      | Slain by a hog

Levels and vault maps discovered:
D:1:      matt_arrival_spirals, layout_loops_corners
D:2:      layout_basic, dancing_weapons_uskayaw, first_ration,
          minmay_crystal_room
D:3:      layout_loops_cross, chequers_ecumenical_altar_simple, uniq_ijyb
D:4:      layout_gridville, old_standard_altar, kennysheep_mini,
          gammafunk_temple_overflow_elements, minmay_temple_entry_butterflies,
          st_stairs_12, minmay_statues_item
D:5:      layout_layer_cave, grunt_temple_overflow_growth_and_decay,
          uniq_blork_the_orc
D:6:      minmay_chambers_of_threes, layout_basic
D:7:      layout_rooms, doesnt_xom_only_xom, chequers_jeans, kennysheep_donut,
          grunt_livestock
Temple:   dshaligram_water_room_temple

Skill      XL: |  1  2  3  4  5  6 |
---------------+-------------------+-----
Dodging        | 2 3 |  3.8
Unarmed Combat | 4 |  4.9
Spellcasting   | 3 |  3.9
Fighting       | 2 |  2.8
Transmutations | 3 |  3.6
Evocations     | 1 |  1.6
Stealth        | |  0.5

Action                   |  1- 3 |  4- 6 |  7- 9 || total
-------------------------+-------+-------+-------++-------
Melee: Unarmed           |   128 |   326 |    15 ||   469
       Tailslap          |    14 |    17 |       ||    31
       Kick              |     5 |    13 |     1 ||    19
       Headbutt          |     5 |    12 |       ||    17
       Punch             |     1 |     5 |       ||     6
 Cast: Beastly Appendage |    21 |    38 |     2 ||    61
       Sticks to Snakes  |     1 |       |       ||     1
       Spider Form       |       |     2 |       ||     2
       Ice Form          |       |       |     1 ||     1
 Abil: Breathe Acid      |       |       |     2 ||     2
Evoke: Wand              |       |    15 |     6 ||    21
  Use: Potion            |     1 |     7 |     4 ||    12
       Scroll            |     5 |     5 |     2 ||    12
 Stab: Sleeping          |     2 |     3 |       ||     5
  Eat: Chunk             |     2 |    10 |       ||    12
       Ration            |       |     1 |       ||     1
Armor: Skin              |    34 |    84 |     5 ||   123
Dodge: Dodged            |    84 |   217 |    22 ||   323

Table legend:
 A = Non-vault XP
 B = Vault XP
 C = Vault XP percentage of total XP
 D = Non-vault monster count
 E = Vault monster count
 F = Vault count percentage of total count
                 A         B        C        D         E       F
            +---------+---------+-------+---------+---------+-------
      Total |     858 |     140 |  14.0 |     107 |       4 |   3.6
            +---------+---------+-------+---------+---------+-------
        D:1 |      51 |       0 |   0.0 |      31 |       0 |   0.0
        D:2 |      79 |       0 |   0.0 |      24 |       0 |   0.0
        D:3 |     102 |      36 |  26.1 |      28 |       1 |   3.4
        D:4 |     215 |       4 |   1.8 |      14 |       2 |  12.5
        D:5 |     251 |     100 |  28.5 |       8 |       1 |  11.1
        D:6 |     160 |       0 |   0.0 |       2 |       0 |   0.0
            +---------+---------+-------+---------+---------+-------
